Workbook
Name _EPS1: '[1]EF. PVOS. POR SOCIO'!$G$41
Name _EPS2: '[1]EF. PVOS. POR SOCIO'!$G$91
Name _EPS3: '[1]EF. PVOS. POR SOCIO'!$G$141
Name _EPS4: '[1]EF. PVOS. POR SOCIO'!$G$191
Name _EPS5: '[1]EF. PVOS. POR SOCIO'!$G$241
Name _EPS6: '[1]EF. PVOS. POR SOCIO'!$G$291
Name _PA99: #REF!
Name _PA99: #REF!
Name _PO2000: #REF!
Name _PO2000: #REF!
Name _VPC98: #REF!
Name _VPC98: #REF!
Name AC: #REF!
Name AC: #REF!
Name ALBARICOQUE: #REF!
Name ALBARICOQUE: #REF!
Name AÑO: [2]DATOS!$D$3
Name AP: #REF!
Name AP: #REF!
Name APE: #REF!
Name APE: #REF!
Name BBBB: #REF!
Name BBBB: #REF!
Name CIRUELA: #REF!
Name CIRUELA: #REF!
Name DATOS_GRAFICOS: #REF!
Name DATOS_GRAFICOS: #REF!
Name dd: [3]Hoja1!#REF!
Name dd: [3]Hoja1!#REF!
Name DFU: #REF!
Name DFU: #REF!
Name E: #REF!
Name E: #REF!
Name ESTHER: #REF!
Name ESTHER: #REF!
Name FO: #REF!
Name FO: #REF!
Name FO2M: '[4]APORT. SOC. FO 2000'!$B$51
Name FOA: #REF!
Name FOA: #REF!
Name FODOS: #REF!
Name FODOS: #REF!
Name FOEU: #REF!
Name FOEU: #REF!
Name FOPU: #REF!
Name FOPU: #REF!
Name GT: #REF!
Name GT: #REF!
Name HJHJ: '[5]PO 2002-2006 + TRIM ADAPT.'!#REF!
Name HJHJ: '[5]PO 2002-2006 + TRIM ADAPT.'!#REF!
Name MELOCOTÓN: #REF!
Name MELOCOTÓN: #REF!
Name NECTARINA: #REF!
Name NECTARINA: #REF!
Name NOM: #REF!
Name NOM: #REF!
Name PARSOCIOS: #REF!
Name PARSOCIOS: #REF!
Name PER: [2]DATOS!$D$2
Name PO: #REF!

Sheet CERTIFICADO VPC-FO2026
A1: PONER EL ANAGRAMA / LOGO DE LA OPFH | F1: PROGRAMA OPERATIVO Y FONDO OPERATIVO DEL AÑO 2027
A3: CERTIFICADO DEL VALOR DE LA PRODUCCIÓN COMERCIALIZADA EN EL PERIODO DE REFERENCIA:
A4: 01/01/2025 - 31/12/2025
A6: ORGANIZACIÓN DE PRODUCTORES:
A7: NIF: | E7: Nº DE REGISTRO OPFH: | G7: ESXXXX
A8: CATEGORÍA DE RECONOCIMIENTO:
A10: D./Dña. | E10: , con NIF número | G10: , en calidad de
C11: de la Organización de Productores arriba referenciada (en adelante "OP") y cuya
A12: representación legal ostento y acredito, bajo mi responsabilidad y a todos los efectos
A14: C E R T I F I C O:
A16: Que el valor de la producción comercializada (en adelante "VPC") de esta OP se ha determinado según lo dispuesto en el Capítulo IV y en el Anexo V del Real Decreto 857/2022, de 11 de octubre, por el que se regulan los fondos y programas operativos de las organizaciones de productores del sector de las frutas y hortalizas y de sus asociaciones en el marco de la intervención sectorial del Plan Estratégico de la Política Agrícola Común, en la Circular de Coordinación nº 31/2024 del FEGA, de 7 de julio de 2024, y de conformidad con lo dispuesto en el artículo 31 del Reglamento Delegado (UE) n.º 2022/126 de la Comisión, de 7 de diciembre de 2021. | I16: Normativa de aplicación
A18: Asimismo y de conformidad con la citada normativa CERTIFICO:
A20: PRIMERO.- Que el periodo de referencia utilizado para determinar el VPC es el último periodo anual contable (12 meses consecutivos) de la OP finalizado antes del 1 de agosto del año anterior a la anualidad del programa operativo que va a financiar el fondo operativo, conforme a lo previsto en el artículo 22 del Real Decreto 857/2022. | I20: Determinación del periodo de referencia
A22: SEGUNDO.- Que no se ha computado en el cálculo del VPC producción alguna procedente de parcelas de regadío de los miembros productores que hayan sido sancionados en firme por la autoridad competente en materia de agua por hacer un uso ilegal de este recurso. | I22: Exclusión, en su caso, de las producciones de parcelas de regadío de MP sancionados en firme.
A24: TERCERO.- Que el VPC se ha obtenido, exclusivamente, de los datos reales que refleja la contabilidad de la OP por la comercialización efectiva, por parte de ésta, de la producción de sus miembros productores, y de la propia OP, durante el tiempo que hayan sido miembros de la misma, dentro del periodo de referencia y de productos comprendidos en la categoría para la que la OP se encontraba reconocida. | I24: Procedencia de las producciones (productos de la categoría de reconocimiento de los miembros productores) y disposición para evitar el doble cómputo en el caso de los miembros productores que abandonen o se incorporen a la OP.
A25: No obstante, en su caso, se incluye en el cálculo el valor de la producción comercializada de los nuevos miembros que se hayan incorporado a la OP y permanezcan en la misma hasta el momento que se presente la solicitud de aprobación de su proyecto de programa operativo o se notifique el fondo operativo de la anualidad siguiente. Dichos nuevos miembros no han pertenecido nunca a una organización de productores y el valor de su producción comercializada de estos nuevos miembros se determina de la misma forma y en el mismo periodo de referencia que el de la OP a la que se incorpora. | I25: VPC de nuevos miembros productores que se incorporen por primera vez a una OP. El VPC de los nuevos miembros de una OP que hayan pertenecido a otras organizaciones no se computará en la nueva organización de la que pasa a formar parte hasta que no se incorpore la producción de dichos nuevos miembros en la contabilidad de la OP como consecuencia de su comercialización por parte de ésta.
A27: CUARTO.- Que el VPC se ha obtenido, a partir de la contabilidad de la OP, utilizando los saldos de las cuentas contables correspondientes al cierre del periodo de referencia, estando todos los asientos contables respaldados por facturas expedidas conforme al Real Decreto 1619/2012, de 30 de noviembre, o por la justificación contable que proceda conforme al Plan General de Contabilidad. | I27: Criterio contable y respaldo de asientos contables con facturas.
A28: En la contabilidad se diferencian las ventas de los productos para los que está reconocida la OP, de los demás productos objeto de su actividad; y dentro de las ventas de los productos para los que está reconocida, se distinguen los productos que proceden de compras a terceros de los que proceden de los miembros productores. | I28: Contabilidad separada para los productos de la categoría de reconocimiento y de las compras a terceros.
A29: Las cuentas anuales que han servido de base para el cálculo del valor de la producción comercializada en el periodo de referencia han sido aprobadas en Asamblea / Junta General (quitar lo que no proceda) celebrada el día xx/xx/2026. | I29: INDICAR ORGANO Y FECHA DE APROBACION DE CUENTAS ANUALES. En caso de que no se hayan aprobado aún dejar constancia de ello.
A31: QUINTO.- Que el VPC ha sido calculado en la posición “salida de la organización de productores”, como producción lista para la comercialización, con exclusión del IVA y de los gastos de transporte interno de la OP (transporte realizado entre el punto centralizado de recogida o de envasado de la OP y el punto de distribución). | I31: Posición general para el cálculo del VPC: fase salida de la OP
A33: SEXTO.- Que en el VPC está incluido, en su caso, el valor económico añadido de la actividad externalizada por la OP a terceros, o a una filial distinta de la definida en los apartados a) y b) del artículo 31.7 del Reglamento Delegado (UE) n.º 2022/126 de la Comisión, de 7 de diciembre de 2021. | I33: VPC correspondiente a alguna actividad externalizada por la OP a terceros o a filiales en las que las acciones o el capital de la filial no pertenece al menos en un 90% a OP´s, AOP´s, organizaciones transnacionales, asociaciones transnacionales OP´s.
A35: SEPTIMO.- Que, en su caso, todo o parte del VPC ha sido calculado a la salida de una asociación de organizaciones de productores (en adelante "AOP") o de una filial que cumpla lo dispuesto en los apartados a) y b) del artículo 31.7 del Reglamento Delegado (UE) n.º 2022/126 de la Comisión, de 7 de diciembre de 2021. En ese caso la OP comunica la siguiente información a la que hace referencia el apartado 4, parte I del Anexo V del Real Decreto 857/2022: | I35: En caso de que el VPC se calcule en la fase salida de una AOP o de una filial en la que al menos el 90% de las acciones o el capital social de la filial pertenece a una o varias organizaciones de productores, asociaciones de organizaciones de productores, o a los miembros productores de las mismas; en este último caso, si actuando de esta forma contribuyen a alcanzar los objetivos enumerados en el artículo 152.1 c) del Reglamento (UE) n.º 1308/2013 del Parlamento Europeo y del Consejo, de 17 de diciembre de 2013
B36: La OP desea calcular todo o parte de su VPC a la salida la filial o de una AOP (SI/NO): | G36: NO | I36: Si la OP indica que "NO" desea calcular el VPC a la salida de la filial o de una AOP, no deberá cumplimentar el resto de información de este apartado.
B37: Indicar "FILIAL" o "AOP", según proceda: | G37: ----
B38: Actividades que realiza la OP con la filial o la AOP: | I38: Datos de las actividades que realizan con la AOP o la filial, bien mediante contratación, o bien tras la venta en firme de la producción, o bien tras la puesta a disposición de la producción.
B39: Razón social de la AOP: | F39: N.º AOP:
B40: Datos de la filial: | C40: Razón social: | F40: NIF:
C41: Dirección: | F41: CP:
C42: Municipio | F42: Provincia:
C43: CA: | F43: Estado miembro:
C44: Email: | F44: Teléfono:
B45: Desglose capital social, en caso de filial: | C45: Nombre titulares | D45: NIF | E45: Nº participaciones | F45: Capital social | G45: % capital social:
G46: =F46/#REF! -> #REF!
G47: =F47/#REF! -> #REF!
G48: =F48/#REF! -> #REF!
C49: TOTAL FILIAL | E49: =SUM(E46:E48) -> 0 | F49: =SUM(F46:F48) -> 0 | G49: =SUM(G46:G48) -> #REF!
B50: Documentación que debe adjuntar la OP en caso de que se calcule todo o parte del VPC a la salida de la AOP o de una filial que cumpla lo dispuesto en los apartados a) y b) del artículo 31.7 del Reglamento Delegado (UE) n.º 2022/126: - Declaración de la filial o de la AOP en la que se compromete a permitir la realización de los controles físicos y administrativos que el órgano competente considere oportunos para comprobar los aspectos relacionados con el valor de la producción comercializada y con la propiedad del capital social en el caso de la filial. - Certificado del valor de la producción comercializada de la filial o de la AOP, correspondiente a la producción aportada por la organización de productores, y el método de cálculo de dicho valor. - En su caso, certificado de la OP relativo a la contribución de la filial, en la que más del 90% de las acciones o del capital social está en manos de los miembros productores de la OP, para alcanzar los objetivos enumerados en el artículo 152.1 c) del Reglamento (UE) n.º 1308/2013 del Parlamento Europeo y del Consejo, de 17 de diciembre de 2013.
A52: OCTAVO.- Que el VPC incluye los valores contables de la producción de frutas y hortalizas para la cual se encuentra reconocida la OP, producida por ella misma y por sus miembros productores, que ha sido comercializada en fresco cumpliendo la correspondiente norma de comercialización, por ella misma. El valor de dicha producción se refiere a producción comercializada como producto fresco, preparado y envasado, listo para su comercialización (producto sometido a limpieza, despiece, pelado, recorte y secado sin transformar). | I52: VPC por la venta de producto en fresco. Cumplimiento de las normas de comercialización por parte de la OP.
A54: NOVENO.- Que en el VPC se incluye, en su caso, el resultado de de aplicar el porcentaje a tanto alzado previsto en el segundo párrafo del artículo 31.2 del Reglamento Delegado (UE) n.º 2022/126 de la Comisión, de 7 de diciembre de 2021, al valor facturado por los productos transformados por la organización de productores, asociación de organizaciones de productores, sus miembros productores o filiales de conformidad con el artículo 31.7 del citado Reglamento Delegado (UE) n.º 2022/126. El importe incluido en el VPC de los productos transformados vendidos por la Entidad, se calcula según el siguiente cuadro: | I54: VPC por la venta de producto transformado
B55: PRODUCTOS TRANSFORMADOS VENDIDOS
B56: Tipo producto transformado | D56: Importe valor facturado (€) | E56: % aplicado | F56: Importe imputado al VPC (€)
B57: Frutas y hortalizas transformadas distintas de las contempladas en las letras de a) a h) del art. 31.2 del Reglamento (UE) n.º 2022/126 | E57: 0.27 | F57: =ROUND(D57*E57,2) -> 0 | I57: SON EJEMPLOS. Si no aplica eliminarlos.
B58: Pimentón | E58: 0.41 | F58: =ROUND(D58*E58,2) -> 0
B59: =+B66 -> T O T A L | F59: =SUM(F57:F58) -> 0
A61: DECIMO.- Que en el VPC está incluido, en su caso, el valor de los subproductos, a que se refiere el artículo 31.3 del Reglamento Delegado (UE) n.º 2022/126 de la Comisión, de 7 de diciembre de 2021. La cantidad y el valor de los subprodcutos comercializados por la OP son los siguientes: | I61: VPC por las ventas de subproductos
B62: SUBPRODUCTOS
B63: Tipo de subproducto | D63: Precio medio (€/kg) | E63: Producción (Kg) | F63: Total (€)
D64: =+F64/E64 -> #DIV/0!
D65: =+F65/E65 -> #DIV/0!
B66: T O T A L | E66: =SUM(E64:E65) -> 0 | F66: =SUM(F64:F65) -> 0
A68: DECIMOPRIMERO.- Que en el VPC está incluido, en su caso, el valor de las retiradas del mercado para distribución gratuita, calculado con base en el precio medio de los productos comercializados por la Entidad durante el periodo de referencia. Los importes incluidos en el VPC de cada uno de los productos destinado a distribución gratuita son los siguientes: | I68: VPC correspondiente a la Distribución Gratuita. Cantidades retiradas valoradas al precio medio de la venta de cada producto comercializado en el periodo de referencia.
B69: VALOR CORRESPONDIENTE A LAS RETIRADAS CON DESTINO A D.G.
B70: Producto | D70: Precio medio del producto (€/kg) | E70: Cantidades retiradas a D.G. (Kg) | F70: Total (€)
F71: =+E71*D71 -> 0
F72: =+E72*D72 -> 0
F73: =+E73*D73 -> 0
B74: T O T A L | E74: =SUM(E71:E73) -> 0 | F74: =SUM(F71:F73) -> 0
A76: DECIMOSEGUNDO.- Que en el VPC está incluido, en su caso, el valor de la producción de frutas y hortalizas comercializada por la OP, no producida por ella misma ni por sus miembros productores, que proceda de miembros productores de otra organización de productores que la designe como comercializadora de dicha producción en virtud de lo dispuesto en el segundo párrafo del artículo 31.5 del Reglamento Delegado (UE) n.º 2022/126 de la Comisión, de 7 de diciembre de 2021. | I76: VPC correspondiente a la comercialización de producto procedente de ventas directas de miembros de otras OP´s autorizados a realizar dicha comercialización (por tratarse de productos marginales o sin actividad comercial en la otra OP).
A78: DECIMOTERCERO.- Que en el VPC está incluido, en su caso, el valor de las indemnizaciones del seguro de cosecha y producción o de acciones equivalentes gestionadas por la entidad o sus miembros productores, percibidas realmente en el periodo de referencia como consecuencia de una reducción de la producción debida a una catástrofe natural, un fenómeno climático, enfermedades vegetales o infestaciones parasitarias. | I78: VPC correspondiente al importe de seguros agrarios efectivamente cobrados durante el periodo de referencia.
A80: DECIMOCUARTO.- Que al valor facturado de la producción comercializada por la OP, calculado de conformidad con los apartados anteriores, se le han aplicado las deducciones del apartado 3, parte I, del Anexo V del Real Decreto 857/2022. | I80: Deducciones
A82: DECIMOQUINTO.- Que, en el caso de que la Organización de Producores no tenga contabilizadas las ventas de su producción de forma separada de las ventas procedentes de terceros, se ha calculado el porcentaje que suponen las compras correspondientes a su producción, respecto de las compras totales de productos correspondientes a las categorías de reconocimiento a partir de las cuentas relativas a las compras de cada producto para los que esta Organizaciónde Productores está reconocida, tanto de socios como de proveedores independientes (grupo 600 «compras» y 400 «proveedores»). El porcentaje así calculado se aplica a las ventas de productos correspondientes a las categorías de reconocimiento, para calcular el valor de su producción comercializada. | I82: % a aplicar a las ventas en caso de que no se contabilicen separadamente las ventas de miembros productores de las ventas de producto de terceros
A83: Asimismo, en el caso de que la OP tenga producción propia (producción del "socio cero"), se ha valorado dicha producción siguiendo los mismos criterios que aplica la OP para la valoración de la producción del resto de sus miembros productores y se dispone de registros específicos de esa valoración y pistas de auditoría. | I83: Valoración de la producción del socio 0.
A84: REGLAS PARA LA VALORACIÓN DEL PRODUCTO APLICADAS POR LA OP EN LA LIQUIDACIONES A SUS SOCIOS:
A85: ( NOTA: En esta celda de debe explicar detalladamente cuáles son las normas de liquidación aprobadas por la OP y aplicadas a cada uno de los productos. Así, por ejemplo, se deberá cumplir que para un mismo producto, variedad y categoría y una misma fecha, los precios unitarios aplicados en los documentos de valoración del producto de la OP y en las facturas de compra a socios deben coincidir. La OP deberá explicar, en cualquier caso, el procedimiento para determinar el importe unitario liquidado a los socios) | I85: ES IMPORTANTE CUMPLIMENTAR LAS REGLAS PARA LA VALORACION DE LIQUIDACIONES EN TODOS LOS CASOS, ESPECIALMENTE A LA HORA DE VALORAR LA PRODUCCION DEL SOCIO 0
A87: VALOR DE LAS COMPRAS EFECTUADAS POR LA OP DE PRODUCTOS INCLUIDOS EN LA CATEGORÍA DE RECONOCIMIENTO
A88: Nº Cta. Ctble. | D88: Concepto | G88: TOTAL (€)
D89: Compras a miembros de la OP | G89: 10000000
A90: -------------------------------- | D90: Compras / Valor de la producción de la propia OP (según normas de liquidación aplicadas por la OP) | G90: 100000
D91: Compras a miembros de otras OP´s (en las condiciones previstas en el apartado 2.e) de la parte I del Anexo V del RD 857/2022) | G91: 50000 | I91: Ventas directas de miembros de otra OP a esta OP que ha sido designada para comercializar productos que representan un volumen marginal o que no son objeto de la actividad de comercialización de la otra OP.
D92: Compras a terceros | E92: Compras a otras OP´s o AOP´s | G92: 500000 | I92: Esta diferenciación no afecta al cálculo del VPC, sólo a la justificación del cumplimiento de la actividad principal. La otra OP debe certificar la procedencia del producto.
E93: Compras a terceros no OP ni AOP: | G93: 3000000
A94: TOTAL COMPRAS | G94: =SUM(G89:G93) -> 13650000
A95: Porcentaje compras miembros de la OP + producción propia / Total compras (A) | G95: =(G89+G90)/G94 -> 0.73992674
A96: Porcentaje compra miembros de otras OP´s / Total compras (B) | G96: =G91/G94 -> 0.0036630037
A97: % compras de producto procedente de miembros de OP´s o de AOP´s / Total compras (C) | G97: =(G89+G90+G91+G92)/G94 -> 0.78021978
A98: Porcentaje compra terceros / Total compras (D) | G98: =(G92+G93)/G94 -> 0.25641026
A100: DECIMOSEXTO.- Que en el caso de fusión o integración de organizaciones de productores, el VPC de la entidad resultante o en la que se integran, será la suma de los valores de la producción comercializada de cada una de las entidades de origen correspondiente a cada uno de sus periodos de referencia, calculados según lo dispuesto en el Real Decreto 857/2022. | I100: VPC en caso de fusiones o integraciones de organizaciones de productores reconocidas
A102: DECIMOSEPTIMO.- Que, en el caso de que el valor de un producto haya experimentado una reducción de al menos el 35% en comparación con la media de los tres periodos de referencia anteriores, por motivos ajenos a la responsabilidad y control de la OP, el VPC de dicho producto se determina de acuerdo a lo dispuesto en el artículo 32.3 del Reglamento Delegado (UE) n.º 2022/126, de la Comisión, de 7 de diciembre de 2021. En consecuencia se aplican los siguientes criterios para el cálculo del VPC del producto en cuestión: a) De manera general se considerará que el VPC de dicho producto representa el 65 % de su valor medio en los tres períodos de referencia anteriores de 12 meses. b) Si la reducción se debe a desastres naturales, fenómenos climáticos, enfermedades de las plantas o infestaciones parasitarias que escapan a la responsabilidad y el control de la OP, se considera que el valor de la producción comercializada de dicho producto representa el 85% de su valor medio en los 3 periodos de referencia anteriores de 12 meses; si además la OP adoptó todas las medidas preventivas necesarias el porcentaje del 85% se elevará al 100%. Los datos que justifican la reducción del valor del producto de, al menos, el 35% son los siguientes: | I102: VPC de un producto en caso de reducción de, al menos, el 35% por motivos ajenos a la responsabilidad y control de la OP. La OP debe acreditar que el motivo de la reducción del valor del producto se debe a causas ajenas a su responsabilidad y control, y, en su caso, que adoptó todas las medidas preventivas necesarias. La OP deberá adaptar este modelo y realizar un VPC por producto específico para aquellos en los que haya experimentado una reduccion al menos el 35% en comparación con la media de los tres periodos de referencia anteriores, por motivos ajenos a la responsabilidad y control de la OP. Para el resto de productos no afectados, realizará un VPC conjunto. La suma de VPC´s será el total a tener en cuenta para este periodo de referencia.
A103: Producto | C103: Periodo (*) | D103: Duración del periodo | E103: Superficie de cultivo en el periodo (ha) | F103: VPC del producto en el periodo de referencia (€) | G103: Variación del VPC del producto (%)
A104: EJEMPLO | C104: n-3 | D104: 01/01/2022-31/12/2022
C105: n-2 | D105: 01/01/2023-31/12/2023
C106: n-1 | D106: 01/01/2024-31/12/2024
C107: Media 3 periodos anteriores | E107: =AVERAGE(E104:E106) -> #DIV/0! | F107: =AVERAGE(F104:F106) -> #DIV/0! | G107: =(F108-F107)/F107 -> #DIV/0!
C108: n | D108: 01/01/2025-31/12/2025
A109: (*): | B109: Siendo "n" la duración del periodo de referencia objeto del presente certificado.
A111: Se acompaña certificado con el motivo de la reducción del valor del producto, el importe considerado del valor de la producción de dicho producto, del porcentaje que representa dicho importe respecto del valor medio en los tres periodos de referencia anteriores de 12 meses y, en su caso, con la mención a que son causas ajenas a su responsabilidad y control de la OP y, en su caso, todas las medidas preventivas necesarias que adoptó para evitar esas causas.
A113: DECIMOOCTAVO.- Que el cálculo del importe neto del valor de la producción comercializada es el siguiente:
A115: VALOR DE LA PRODUCCIÓN COMERCIALIZADA (VPC) DEL PERIODO: | F115: =+A4 -> 01/01/2025 - 31/12/2025
A116: Conceptos que figuran en la contabilidad de la OP y que resultan de aplicación al producto de terceros. | B116: Nº Cta. Ctble. | D116: Ingresos: Valor de la Producción facturada dentro de la categoría de reconocimiento. | G116: TOTAL (€)
D117: Venta de frutas y hortalizas comercializadas como producto en fresco (1) | G117: 0
D118: Venta de productos transformados (2) | G118: 0
D119: Venta de subproductos (3) | G119: 0
D120: Diferencias positivas de cambio | G120: 0
D121: En su caso, valor económico de la producción comercializada calculado, en su totalidad o en parte, a la salida de una AOP o de una filial que cumpla lo dispuesto en los apartados a) y b) del artículo 31.7 del Reglamento Delegado (UE) n.º 2022/126. | G121: 0
D122: En su caso, valor económico añadido de la actividad externalizada por la OP a terceros, o a una filial distinta de la mencionada en los apartados a) y b) del artículo 31.7 del Reglamento Delegado (UE) n.º 2022/126. | G122: 0
B123: Total de ingresos según producción facturada: | G123: =SUM(G117:G122) -> 0
B124: Nº Cta. Ctble. | D124: Gastos: Deducciones sobre el valor facturado (4) | G124: TOTAL (€) | I124: DEDUCCIONES DEL APARTADO 3, PARTE I, DEL ANEXO V DEL RD 857/2022
B125: 624 | D125: Transporte de mercancia envasada y preparada para la venta pagados a terceros que figure en la contabilidad de la OP (incluidos gastos de aduanas) | G125: 0 | H125: a) | I125: Para poder aplicar las reducciones previstas en las letras a) a e) y j) será necesario que los importes correspondientes estén previamente contabilizados y que la reducción se practique en consonancia con los respectivos asientos contables.
B126: 623 | D126: Servicios profesionales de comisionistas y agentes mediadores independientes en las ventas | G126: 0 | H126: b)
B127: 706 | D127: Descuentos sobre ventas por pronto pago | G127: 0 | H127: c)
...

Sheet Certificado actividad principal
A1: PONER EL ANAGRAMA / LOGO DE LA OPFH | F1: PROGRAMA OPERATIVO Y FONDO OPERATIVO DEL AÑO 2027
A3: CERTIFICADO DEL CUMPLIMIENTO DE LA ACTIVIDAD PRINCIPAL EN EL PERIODO DE REFERENCIA:
A4: =+'CERTIFICADO VPC-FO2026'!A4:G4 -> 01/01/2025 - 31/12/2025
A6: ORGANIZACIÓN DE PRODUCTORES: | E6: =+'CERTIFICADO VPC-FO2026'!E6:G6 -> 0
A7: NIF: | C7: =+'CERTIFICADO VPC-FO2026'!C7:D7 -> 0 | E7: Nº DE REGISTRO OPFH: | G7: =+'CERTIFICADO VPC-FO2026'!G7 -> ESXXXX
A8: CATEGORÍA DE RECONOCIMIENTO: | E8: =+'CERTIFICADO VPC-FO2026'!E8:G8 -> 0
A10: D./Dña. | E10: , con NIF número | G10: , en calidad de
C11: de la Organización de Productores arriba referenciada (en adelante "OP") y cuya
A12: representación legal ostento y acredito, bajo mi responsabilidad y a todos los efectos
A14: C E R T I F I C O:
A16: Que, en el periodo de referencia indicado en el encabezado, el valor económico de las ventas de la OP de productos incluidos en su categoría de reconocimiento procedentes de productores que no son miembros de una organización de productores o de una asociación de organizaciones de productores es inferior al valor de la producción comercializada de la OP, por lo que se cumple el requisito de la actividad principal previsto en el artículo 11.2 del Reglamento Delegado (UE) 2017/891 de la Comisión, de 13 de marzo de 2017.
A17: Los importes de los citados valores son los siguientes:
B18: Valor económico de las ventas de la OP de productos, incluidos en su categoría de reconocimiento, de productores que no son miembros de una organización de productores o de una AOP: (M) | F18: =+'CERTIFICADO VPC-FO2026'!G135*(1-'CERTIFICADO VPC-FO2026'!G97) -> 0
B19: VPC de la OP (€): | F19: =+'CERTIFICADO VPC-FO2026'!G143 -> 0
B20: Diferencia entre el VPC de la OP y el valor económico de las ventas de productos, incluidos en su categoría de reconocimiento, de productores que no son miembros de una OP o de una AOP (€): | F20: =+F19-F18 -> 0
A22: =+'CERTIFICADO VPC-FO2026'!A162 -> Lo que se certifica a los efectos oportunos, en ______________ a __ de __________ de 2026
A24: p p
A29: Fdo.: | B29: =B10 -> 0
A30: EL/LA | B30: =A11 -> 0
